 Dungeon Crawl Stone Soup version 0.30-a0-760-g5a9884bb7c (webtiles) character file.

Game seed: 12387939660970224517

78469 sanka the Brawler (level 15, -5/167 HPs)
             Began as a Troll Berserker on Feb 11, 2023.
             Was a High Priest of Trog.
             Killed from afar by an ice dragon (37 damage)
             ... with a blast of cold
             ... on level 1 of the Depths.
             The game lasted 00:43:23 (16686 turns).

sanka the Brawler (Troll Berserker)                Turns: 16686, Time: 00:43:24

Health: -5/167     AC: 12    Str: 35    XL:     15   Next: 18%
Magic:  14/14      EV: 10    Int:  3    God:    Trog [*****.]
Gold:   1457       SH:  0    Dex:  9    Spells: 14/14 levels left

rFire   + . .      SeeInvis .      - Unarmed
rCold   . . .      Faith    .    (no shield)
rNeg    . . .      Spirit   .    F - +0 steam dragon scales
rPois   .          Reflect  .    (helmet restricted)
rElec   .          Harm     .    c - +0 cloak
rCorr   .          Rampage  .    (gloves unavailable)
Will    +++..                    (boots unavailable)
Stlth   +                        G - amulet of regeneration
HPRegen 3.07/turn                Q - +4 ring of protection
MPRegen 0.14/turn                S - ring of protection from fire

@: strong-willed, on berserk cooldown, regenerating, slowed, very slow
A: large, unfitting armour, claws 3, regeneration 1, shaggy fur 1, tough skin 1
a: Renounce Religion, Berserk, Trog's Hand, Brothers in Arms


You were on level 1 of the Depths.
You worshipped Trog.
Trog was extremely pleased with you.
You visited 2 branches of the dungeon, and saw 16 of its levels.
You also visited: Bailey.

You collected 2069 gold pieces.
You spent 612 gold pieces at shops.


Innate Abilities, Weirdness & Mutations

You are too large for most types of armour.
You have claws for hands.
Your natural rate of healing is unusually fast.
You are covered in fur. (AC +1)
You have tough skin. (AC +1)


   Skills:
 - Level 15.0 Fighting
 - Level 2.4 Dodging
 + Level 19.8 Unarmed Combat
 - Level 5.0 Evocations


You had 14 spell levels left.
You didn't know any spells.
Your spell library was empty.

Inventory:

Hand Weapons
 b - a +7 broad axe of flaming
 i - the +6 triple sword of the Postmodern Xalams {protect, Fly Dex+4}

   Dex:       It affects your dexterity (+4).
   Fly:       It grants you flight.
Missiles
 a - 21 javelins
 g - 4 curare-tipped darts (quivered) {=f}
 K - 26 large rocks {=f}
Armour
 c - a +0 cloak (worn)
 n - a scarf of repulsion
 F - +0 steam dragon scales (worn)
 L - a +2 robe of fire resistance
 N - a +0 kite shield
 R - a +0 tower shield
Jewellery
 d - a ring of fire
 G - an amulet of regeneration (around neck)
 M - an amulet of reflection
 O - a ring of resist corrosion
 P - a ring of protection from cold
 Q - a +4 ring of protection (left claw)
 S - a ring of protection from fire (right claw)
 U - an amulet of reflection
Wands
 A - a wand of paralysis (28)
 C - a wand of quicksilver (16)
 H - a wand of iceblast (14)
Scrolls
 e - 7 scrolls of fog
 f - 3 scrolls of torment {!r}
 m - 6 scrolls of teleportation {@r4}
 o - 8 scrolls of enchant armour
 p - a scroll of butterflies
 q - 4 scrolls of fear
 t - a scroll of immolation {!r}
 w - a scroll of noise {!r}
 x - 4 scrolls of poison {!r}
 y - a scroll of vulnerability {!r}
 B - a scroll of magic mapping
 I - a scroll of acquirement
Potions
 h - 13 potions of curing {unknown}
 j - 4 potions of heal wounds {@q2}
 k - 2 potions of resistance {unknown}
 l - 3 potions of might {unknown}
 r - 2 potions of lignification {unknown}
 s - 3 potions of flight {unknown}
 u - 3 potions of cancellation {unknown}
 v - a potion of haste {@q3}
 z - a potion of attraction {unknown}
 D - a potion of magic {unknown}
 E - 7 potions of mutation {!q}
 J - 2 potions of brilliance {unknown}
 T - a potion of ambrosia {unknown}
Miscellaneous
 V - a condenser vane

Dungeon Overview and Level Annotations

Branches:
Dungeon (15/15)            Temple (0/1) D:6            Lair (0/5) D:8
    Orc (0/2) D:10         Vaults (0/5) D:13         Depths (1/4) D:15
 Bailey (visited)

Altars:
Dithmenos
Elyvilon
Fedhas
Gozag
Hepliaklqana
Nemelex Xobeh
Okawaru
Qazlal
Ru
Sif Muna
Trog
Uskayaw
Vehumet
Wu Jian
Xom
Yredelemnul
Zin
The Shining One
Jiyva

Shops:
D:7 [   D:13 =   D:15 (

Portals:
Pandemonium: Depths:1

Annotations:
D:8 exclusion: downstairs
D:10 exclusion: downstairs
D:12 3 runed translucent doors, Xeikkuus's ghost, journeyman MiFi
D:14 2 runed translucent doors, Sauxt's ghost, journeyman GrEE
D:15 2 transporters, Figootz's ghost, journeyman DDFi

▒...▒ ▒....▒ ▒▒▒▒▒
▒.▒▒▒▒ ▒'▒▒▒▒▒▒
▒......▒
▒......▒▒..
▒......'..▒ .
▒......▒▒▒▒ ...
▒▒......▒
.....▒▒▒▒▒T......▒
▒..D).'./.....▒
▒▒▒▒▒▒▒.......▒
▒▒▒▒▒▒▒▒▒


You could see an ice dragon (catching breath).


Message History

You kill the tengu warrior!
Trog accepts your kill.
An ice dragon comes into view.
The ice dragon roars deafeningly!
You hear two shouts!
You hear a horrible gurgling sound!
The ice dragon moves out of view.
Things that are here:
a +1 great sword of flaming; 6 stones; a +0 leather armour You feel a strong urge to attack something.
You are no longer berserk.
You are exhausted.
You feel yourself slow down.
There is a broken door here.
Unknown command.
The ice dragon breathes frost at you. The blast of cold hits you!!
* * * LOW HITPOINT WARNING * * *
You hear a horrible gurgling sound!
It's broken and can't be closed.
The ice dragon breathes frost at you. The blast of cold hits you!
* * * LOW HITPOINT WARNING * * *
You hear a horrible gurgling sound!
You hear a horrible gurgling sound!
You hear a horrible gurgling sound!
There is a broken door here.
The ice dragon breathes frost at you. The blast of cold hits you!!!
You die...

Action                     |  1- 3 |  4- 6 |  7- 9 | 10-12 | 13-15 || total
---------------------------+-------+-------+-------+-------+-------++-------
  Melee: Unarmed           |    92 |   145 |   287 |   555 |   500 ||  1579
         Punch             |       |     3 |     6 |    38 |    64 ||   111
         Broad axe         |       |       |       |       |     7 ||     7
  Throw: Dart              |       |       |       |       |     1 ||     1
 Invoke: Berserk           |       |     1 |     3 |     5 |    17 ||    26
         Trog's Hand       |       |     1 |       |     2 |     2 ||     5
         Brothers in Arms  |       |       |       |       |     2 ||     2
    Use: Scroll            |       |       |     9 |    11 |     2 ||    22
         Potion            |       |       |       |       |     1 ||     1
 Armour: Animal skin       |    34 |    74 |    80 |       |       ||   188
         Steam dragon scal |       |       |    18 |   209 |   214 ||   441
  Dodge: Dodged            |    41 |    68 |   129 |   292 |   214 ||   744

Levels and vault maps discovered:
D:1:      wheals_arrival_linesprint, layout_basic,
          dreamdust_ecumenical_altar_sealed_demon
D:2:      minmay_thinvault, layout_loops_ring, grunt_ministairs_14,
          minmay_tree_intersection, st_stairs_14, kennysheep_generic_room_5
D:3:      layout_rooms, kennysheep_okawaru_gauntlet, elyvilon_altar_3,
          grunt_temple_overflow_open, uniq_natasha, uniq_crazy_yiuf_cottage,
          uniq_grinder
D:4:      layout_gridville, general_overflow_altar, zin_academy, tso_altar,
          hangedman_minor_gate_pass
D:5:      layout_rooms, grunt_decor_clamped, kennysheep_another_room,
          minmay_small_thing
D:6:      layout_rooms, nicolae_dithmenos_shadow_blocks, temple_pool_b,
          chequers_serial_rivers_room_b, uniq_duvessa
D:7:      layout_cave_pools, serial_shops, kennysheep_mini_moat,
          minmay_curled_crystal, uniq_maggie, uniq_menkaure
D:8:      layout_basic, due_lair_maze_entry_diamond, uniq_joseph, uniq_grum
D:9:      layout_big_octagon, nicolae_wu_jian_wuxing_cycle, enter_bailey_7,
          grunt_tough_drop, uniq_pikel
D:10:     layout_long_grid, nicolae_overflow_hidden_temple, hiddenorc1_lemuel,
          hangedman_decor_clover_reticule, minmay_joined_circles, uniq_maurice,
          uniq_nergalle
D:11:     layout_roguey, uniq_snorg
D:12:     layout_basic, gammafunk_ghost_ooze, nicolae_vehumet_radiance
D:13:     layout_loops_ring, lightli_vaults_fourway_checkpoint,
          chequers_serial_rivers_room_a, nicolae_stop_n_shop_1, xom_teletrap_fun
D:14:     layout_basic, lemuel_round_altar, ebering_ghost_disaster_area,
          nicolae_yredelemnul_corpse_copse, uniq_azrael
D:15:     grunt_enter_depths_snipers, layout_basic, serial_shops,
          nicolae_shop_bloodbath_and_beyond, gammafunk_ghost_wrathful_warriors
Depths:1: layout_roguey, grunt_hell_horde, pan_entry, drop_trap,
          kennysheep_doodads, minmay_three_doors

Notes
Turn   | Place    | Note
-------+----------+-------------------------------------------
     0 | D:1      | sanka the Troll Berserker began the quest for the Orb.
     0 | D:1      | Reached XP level 1. HP: 22/22 MP: 0/0
   278 | D:1      | Reached XP level 2. HP: 29/29 MP: 1/1
   379 | D:1      | Found a faded altar of an unknown god.
   449 | D:1      | Reached ** piety under Trog
   450 | D:1      | Reached skill level 3 in Fighting
   457 | D:1      | Reached XP level 3. HP: 37/37 MP: 2/2
   866 | D:2      | Reached skill level 4 in Unarmed Combat
  1103 | D:2      | Reached XP level 4. HP: 41/45 MP: 3/3
  1361 | D:2      | Reached skill level 5 in Unarmed Combat
  1731 | D:2      | Reached *** piety under Trog
  1838 | D:3      | Noticed Natasha
  1887 | D:2      | Reached XP level 5. HP: 53/53 MP: 4/4
  1894 | D:2      | Killed Natasha
  2194 | D:2      | Noticed Natasha
  2203 | D:2      | Killed Natasha
  2204 | D:2      | Reached skill level 6 in Unarmed Combat
  2253 | D:2      | Noticed Natasha
  2257 | D:2      | Killed Natasha
  2941 | D:3      | Found an iron altar of Okawaru.
  3007 | D:3      | Noticed Grinder
  3027 | D:3      | Killed Grinder
  3028 | D:3      | Reached skill level 7 in Unarmed Combat
  3028 | D:3      | Reached XP level 6. HP: 55/61 MP: 5/5
  3064 | D:3      | Found a white marble altar of Elyvilon.
  3165 | D:3      | Found an opulent altar of Gozag.
  3166 | D:3      | Found a stormy altar of Qazlal.
  3166 | D:3      | Found a sacrificial altar of Ru.
  3168 | D:3      | Found a hide-covered altar of Uskayaw.
  3168 | D:3      | Found a hazy altar of Hepliaklqana.
  3170 | D:3      | Found a radiant altar of Vehumet.
  3171 | D:3      | Found a shimmering blue altar of Sif Muna.
  3285 | D:3      | Found a runed translucent door.
  3286 | D:3      | Noticed Crazy Yiuf
  3392 | D:3      | Killed Crazy Yiuf
  3393 | D:3      | Reached XP level 7. HP: 65/67 MP: 6/6
  3531 | D:4      | Reached skill level 8 in Unarmed Combat
  3652 | D:4      | Found a glowing silver altar of Zin.
  3797 | D:4      | Found a glowing golden altar of the Shining One.
  3879 | D:4      | Found a blossoming altar of Fedhas.
  3899 | D:4      | Reached skill level 9 in Unarmed Combat
  3905 | D:4      | Reached **** piety under Trog
  3961 | D:5      | Entered Level 5 of the Dungeon
  4030 | D:5      | Reached XP level 8. HP: 75/75 MP: 7/7
  4057 | D:5      | Noticed a gargoyle
  4066 | D:5      | Killed a gargoyle
  4067 | D:5      | Reached skill level 10 in Unarmed Combat
  4246 | D:5      | Reached skill level 4 in Fighting
  4833 | D:6      | Found a staircase to the Ecumenical Temple.
  4959 | D:6      | Noticed Duvessa
  4965 | D:6      | Killed Duvessa
  4965 | D:6      | Noticed Dowan
  4966 | D:6      | Reached skill level 5 in Fighting
  4966 | D:6      | Reached skill level 11 in Unarmed Combat
  4966 | D:6      | Reached XP level 9. HP: 78/88 MP: 8/8
  4966 | D:6      | Found a shadowy altar of Dithmenos.
  4979 | D:6      | Killed Dowan
  5450 | D:7      | Reached ***** piety under Trog
  5497 | D:7      | Identified +0 steam dragon scales
  5497 | D:7      | Noticed Maggie
  5503 | D:7      | Killed Maggie
  5504 | D:7      | Reached skill level 6 in Fighting
  5581 | D:7      | Noticed Menkaure
  5585 | D:7      | Killed Menkaure
  5708 | D:7      | Found Ubuq's Armour Shoppe.
  5880 | D:8      | Reached skill level 12 in Unarmed Combat
  5926 | D:8      | Noticed Joseph
  5948 | D:8      | Killed Joseph
  5973 | D:8      | Reached skill level 7 in Fighting
  6069 | D:8      | Reached XP level 10. HP: 97/102 MP: 9/9
  6117 | D:8      | Reached skill level 1 in Evocations
  6121 | D:8      | Found a staircase to the Lair.
  6266 | D:8      | Noticed Grum
  6273 | D:8      | Killed Grum
  6282 | D:8      | Reached skill level 2 in Evocations
  6986 | D:9      | Reached skill level 13 in Unarmed Combat
  6989 | D:9      | Reached skill level 3 in Evocations
  7037 | D:9      | Found an ornate altar of the Wu Jian Council.
  7117 | D:9      | Noticed a two-headed ogre
  7131 | D:9      | Killed a two-headed ogre
  7132 | D:9      | Reached skill level 8 in Fighting
  7209 | D:9      | Found a flagged portal.
  7240 | Bailey   | Entered a bailey
  7351 | Bailey   | Reached XP level 11. HP: 94/113 MP: 10/10
  7593 | Bailey   | Reached skill level 4 in Evocations
  7879 | Bailey   | Identified the +6 triple sword of the Postmodern Xalams
                  | {protect, Fly Dex+4}
  8041 | D:9      | Noticed a two-headed ogre
  8041 | D:9      | Noticed Pikel
  8049 | D:9      | Killed a two-headed ogre
  8088 | D:8      | Killed Pikel
  8236 | D:9      | Noticed a catoblepas
  8272 | D:9      | Noticed a two-headed ogre
  8278 | D:9      | Killed a catoblepas
  8279 | D:9      | Reached skill level 9 in Fighting
  8282 | D:9      | Killed a two-headed ogre
  8283 | D:9      | Reached skill level 14 in Unarmed Combat
  8283 | D:9      | Reached skill level 5 in Evocations
  8485 | D:10     | Entered Level 10 of the Dungeon
  8533 | D:10     | Noticed Maurice
  8544 | D:10     | Received a gift from Trog
  8559 | D:10     | Killed Maurice
  8652 | D:10     | Found a basalt altar of Yredelemnul.
  8681 | D:10     | Noticed Nergalle
  8682 | D:10     | Noticed a spectral orc warlord
  8711 | D:10     | Killed Nergalle
  8997 | D:10     | Noticed a two-headed ogre
  9017 | D:10     | Killed a two-headed ogre
  9018 | D:10     | Reached skill level 10 in Fighting
  9018 | D:10     | Reached XP level 12. HP: 45/126 MP: 11/11
  9103 | D:10     | Noticed a two-headed ogre
  9118 | D:10     | Killed a two-headed ogre
  9119 | D:10     | Reached skill level 15 in Unarmed Combat
  9434 | D:10     | Received a gift from Trog
  9724 | D:10     | Found a staircase to the Orcish Mines.
  9832 | D:10     | Identified a scroll of acquirement
  9834 | D:10     | Acquired 672 gold pieces
  9890 | D:11     | Noticed a two-headed ogre
  9899 | D:11     | Killed a two-headed ogre
  9923 | D:11     | Noticed Snorg
  9933 | D:11     | Killed Snorg
 10092 | D:11     | Noticed a two-headed ogre
 10099 | D:11     | Killed a two-headed ogre
 10230 | D:11     | Reached skill level 11 in Fighting
 10358 | D:11     | Noticed a two-headed ogre
 10363 | D:11     | Noticed a two-headed ogre
 10365 | D:11     | Killed a two-headed ogre
 10369 | D:11     | Killed a two-headed ogre
 10762 | D:12     | Found a radiant altar of Vehumet.
 10763 | D:12     | Noticed a tengu warrior
 10769 | D:12     | Reached skill level 16 in Unarmed Combat
 10776 | D:12     | Killed a tengu warrior
 11121 | D:12     | Noticed a boulder beetle
 11129 | D:12     | Killed a boulder beetle
 11130 | D:12     | Reached XP level 13. HP: 130/139 MP: 12/12
 11272 | D:12     | Found a runed translucent gate.
 11272 | D:12     | Found a runed translucent gate.
 11273 | D:12     | Found a runed translucent gate.
 11281 | D:12     | Noticed an azure jelly
 11282 | D:12     | Noticed an acid blob
 11282 | D:12     | Noticed an acid blob
 11282 | D:12     | Noticed an acid blob
 11282 | D:12     | Noticed an azure jelly
 11283 | D:12     | Noticed Xeikkuus's ghost (journeyman MiFi)
 11283 | D:12     | Noticed a rockslime
 11349 | D:12     | Found a viscous altar of Jiyva.
 11414 | D:13     | Found Zuheleam's Jewellery Emporium.
 11424 | D:13     | Bought a +4 ring of protection for 612 gold pieces
 11456 | D:13     | Found a shimmering altar of Xom.
 11676 | D:13     | Reached skill level 12 in Fighting
 11928 | D:13     | Found a gate to the Vaults.
 12445 | D:13     | Reached skill level 17 in Unarmed Combat
 12640 | D:14     | Noticed Azrael
 12681 | D:14     | Killed Azrael
 12916 | D:14     | Paralysed by a centaur for 4 turns
 13186 | D:14     | Reached skill level 13 in Fighting
 13209 | D:14     | Received a gift from Trog
 13354 | D:14     | Found a sparkling altar of Nemelex Xobeh.
 13430 | D:14     | Found a large runed translucent door.
 13431 | D:14     | Found a large runed translucent door.
 13432 | D:14     | Noticed Sauxt's ghost (journeyman GrEE)
 13463 | D:14     | Found a basalt altar of Yredelemnul.
 13641 | D:15     | Entered Level 15 of the Dungeon
 13730 | D:15     | Reached XP level 14. HP: 121/153 MP: 13/13
 13745 | D:15     | Reached skill level 18 in Unarmed Combat
 13978 | D:15     | Noticed a frost giant
 14024 | D:15     | Killed a frost giant
 14068 | D:15     | Found a staircase to the Depths.
 14124 | D:15     | Noticed Figootz's ghost (journeyman DDFi)
 14126 | D:15     | Found a transporter.
 14127 | D:15     | Found a bloodstained altar of Trog.
 14460 | D:15     | Found Halor's Weapon Boutique.
 14933 | D:15     | Found a transporter.
 15162 | Depths:1 | Entered Level 1 of the Depths
 15188 | Depths:1 | Reached skill level 14 in Fighting
 15572 | Depths:1 | Noticed a lich
 15572 | Depths:1 | Noticed a lich
 15603 | Depths:1 | Killed a lich
 15612 | Depths:1 | Killed a lich
 15759 | Depths:1 | HP: 12/156 [deep troll (15)]
 15759 | Depths:1 | HP: 2/156 [deep troll (8)]
 15882 | Depths:1 | Reached skill level 19 in Unarmed Combat
 16062 | Depths:1 | Noticed a frost giant
 16080 | Depths:1 | Killed a frost giant
 16083 | Depths:1 | Noticed a green very ugly thing
 16099 | Depths:1 | Noticed a green very ugly thing
 16103 | Depths:1 | Killed a red very ugly thing
 16121 | Depths:1 | Killed a green very ugly thing
 16230 | Depths:1 | Found a one-way gate leading to the halls of Pandemonium.
 16310 | Depths:1 | Noticed a stone giant
 16322 | Depths:1 | Killed a stone giant
 16394 | Depths:1 | Noticed a hellephant
 16411 | Depths:1 | Killed a hellephant
 16412 | Depths:1 | Reached XP level 15. HP: 101/165 MP: 14/14
 16501 | Depths:1 | Noticed a frost giant
 16529 | Depths:1 | Reached skill level 15 in Fighting
 16540 | Depths:1 | Killed a frost giant
 16656 | Depths:1 | Noticed a lich
 16671 | Depths:1 | Killed a lich
 16686 | Depths:1 | Killed from afar by an ice dragon

Vanquished Creatures
  A hellephant (Depths:1)
  3 liches (Depths:1)
  3 frost giants
  A stone giant (Depths:1)
  2 very ugly things (Depths:1)
  Azrael (D:14)
  An ettin (Depths:1)
  Snorg (D:11)
  A fire dragon (Depths:1)
  2 hydras (D:15)
  An ogre mage (D:15)
  2 catoblepae
  2 centaur warriors
  A spriggan air mage (Depths:1)
  2 boulder beetles
  3 vault guards (D:13)
  12 two-headed ogres
  A deep troll shaman (Depths:1)
  6 tengu warriors
  5 hell hogs (Depths:1)
  Nergalle (D:10)
  4 deep trolls (Depths:1)
  Pikel (D:8)
  3 deep elf pyromancers (D:12)
  2 orc knights (D:15)
  2 wolf spider zombies (D:14)
  3 cyclopes
  2 manticores
  29 ugly things
  Joseph (D:8)
  9 centaur zombies (D:14)
  Maurice (D:10)
  4 gargoyles
  Maggie (D:7)
  An unseen horror (shapeshifter) (D:14)
  2 unseen horrors
  2 yaktaurs (D:15)
  3 kobold demonologists
  A tengu conjurer (D:12)
  2 freezing wraiths (D:15)
  A queen bee (shapeshifter) (D:13)
  2 trolls
  A hornet (D:9)
  2 meliai (D:13)
  Grinder (D:3)
  4 slime creatures (D:14)
  2 meliai zombies (D:14)
  A vampire (D:10)
  18 yaks
  2 wraiths
  A basilisk (D:12)
  3 fire elementals (D:14)
  Grum (D:8)
  2 wyverns (D:10)
  A steam dragon (D:5)
  A vampire mosquito (D:13)
  Menkaure (D:7)
  3 acid dragons (D:10)
  5 water moccasins
  Duvessa (D:6)
  2 hell hounds (D:14)
  A hornet zombie (D:14)
  5 black bears (D:8)
  2 ice beasts
  21 orc warriors
  2 sky beasts
  24 centaurs
  4 ogres
  2 wolves (D:8)
  3 lemures
  6 kobold brigands
  3 bullfrogs
  A gnoll sergeant (D:10)
  3 scorpions
  3 necrophages (D:4)
  7 wights (D:10)
  Dowan (D:6)
  13 killer bees
  A howler monkey (D:10)
  3 lava snakes (D:9)
  A gnoll bouda (D:10)
  6 hounds
  2 jellies
  8 orc priests
  Crazy Yiuf (D:3)
  2 iguanas
  A boggart zombie (D:14)
  Natasha (thrice) (D:2)
  15 orc wizards
  11 gnolls
  13 adders
  4 white imps
  4 dart slugs
  4 worms
  77 orcs
  9 endoplasms
  5 giant cockroaches
  8 goblins
  11 hobgoblins
  4 jackals (D:4)
  6 quokkas
  8 ball pythons
  12 bats
  5 frilled lizards
  24 kobolds
  7 rats
536 creatures vanquished.

Vanquished Creatures (collateral kills)
  A vault guard (D:13)
  A yaktaur (D:15)
  A wraith (D:13)
  2 centaurs (D:13)
5 creatures vanquished.

Vanquished Creatures (others)
  An orc (Bailey)
  26 fungi (D:8)
  34 plants (D:8)
61 creatures vanquished.

Grand Total: 602 creatures vanquished
